 Dungeon Crawl Stone Soup version 0.17.1-2-g5865329 (webtiles) character file.

93 Grim the Sneak (level 4, -4/29 HPs)
             Began as an Octopode Assassin on Feb 7, 2016.
             Slain by a gnoll
             ... wielding a +1 dagger of chaos
              (18 damage)
             ... while paralysed by a gnoll
             ... on level 2 of the Dungeon.
             The game lasted 00:04:12 (1584 turns).

Grim the Sneak (Octopode Assassin)                  Turns: 1584, Time: 00:04:12

Health: -4/29      AC:  1    Str: 10    XL:     4   Next: 62%
Magic:  4/4        EV:  2    Int: 13    God:
Gold:   103        SH:  0    Dex: 14    Spells: 0 memorised, 3 levels left

rFire  . . .     SeeInvis .     a - +2 dagger
rCold  . . .     Clarity  .     (no shield)
rNeg   . . .     SustAt   .     (helmet restricted)
rPois  .         Gourm    .     (no amulet)
rElec  .         Spirit   .     (no ring)
rCorr  .         Warding  .     (no ring)
rMut   .         Stasis   .     (no ring)
MR     .....                    (no ring)
Stlth  ++++......               (no ring)
                                (no ring)
                                (no ring)
                                (no ring)

@: paralysed, not resistant to hostile enchantments, stealthy
A: almost no armour, amphibious, 8 rings, constrict 8, camouflage 1, gelatinous
body 1
a: no special abilities


You were on level 2 of the Dungeon.
You were not hungry.

You visited 1 branch of the dungeon, and saw 2 of its levels.

You collected 103 gold pieces.

Inventory:

Hand Weapons
 a - a +2 dagger (weapon)
 b - a +0 blowgun
Missiles
 d - 6 poisoned needles
Armour
 c - a +0 cloak
Wands
 o - a wand of flame (13)
Scrolls
 f - 3 scrolls of remove curse {unknown}
 h - a scroll of teleportation {unknown}
 k - 4 scrolls of identify {unknown}
 l - a scroll of enchant armour {unknown}
 m - 4 scrolls of amnesia {unknown}
 n - a scroll of blinking {unknown}
 r - a scroll of fear {unknown}
 u - a scroll of random uselessness {unknown}
Potions
 g - a potion of cure mutation {unknown}
 i - 4 potions of curing {unknown}
 t - a potion of agility {unknown}
Comestibles
 e - 2 bread rations
 j - 2 meat rations
 p - a chunk of flesh
 q - 3 fruits
 s - a slice of pizza


   Skills:
 - Level 2.0 Fighting
 + Level 3.7 Short Blades
 + Level 3.3 Throwing
 - Level 1.0 Dodging
 - Level 5.3 Stealth


You had 3 spell levels left.
You didn't know any spells.

Dungeon Overview and Level Annotations

Branches:
Dungeon (2/15)

Altars:
Qazlal


Innate Abilities, Weirdness & Mutations

You cannot wear most types of armour.
You are amphibious.
You can wear up to eight rings at the same time.
You can use your tentacles to constrict eight enemies at once.
Your skin changes colour to match your surroundings (Stealth).
Your rubbery body absorbs attacks (AC +1).


Message History

A gnoll comes into view. It is wielding a dagger of chaos.
The gnoll shouts!
You hit the gnoll. Your grab misses the gnoll.
The gnoll is lightly wounded.
You hear a distant blaring wail to the west.
The gnoll hits you but does no damage.
You suddenly lose the ability to move!
The gnoll falls through a shaft!
The shaft crumbles and collapses.
The gnoll hits you but does no damage.
The gnoll hits you with a dagger of chaos!
The gnoll completely misses you.
A gnoll comes into view. It is wielding a spear of chaos.
The gnoll shouts!
The gnoll hits you with a dagger of chaos.
* * * LOW HITPOINT WARNING * * *
A gnoll comes into view. It is wielding a spear of chaos.
The gnoll hits you with a dagger of chaos.
* * * LOW HITPOINT WARNING * * *
You are electrocuted!
Ouch! That really hurt!
You die...

.....# ##...###
#####..## ..)..#
##
#########)..>...#
.....# #≈≈
#.......##....#
.....# ≈.#.
##########....#
.....# #≈⌠.#
#.............#
.....# ≈#.#.≈
#.########....#
###### ..#≈≈g##.#
#....# ♣ ##gg#.#
#....# ♣ #⌠#@.#
##...# ♣
.⌠≈≈##≈### ###.#
♣ #g≈g≈≈# #.# ♣
#g###. #.# # ⌠≈ #
#.### . #....
##### #


You could see 6 gnolls.

Vanquished Creatures
  Crazy Yiuf (D:2)
  An adder (D:2)
  4 worms (D:2)
  3 giant geckos
  6 bats
  4 goblins
  6 hobgoblins
  2 jackals
  A giant newt (D:1)
  7 kobolds
  8 rats
43 creatures vanquished.

Notes
Turn   | Place    | Note
--------------------------------------------------------------
     0 | D:1      | Grim the Octopode Assassin began the quest for the Orb.
     0 | D:1      | Reached XP level 1. HP: 14/14 MP: 1/1
     4 | D:1      | Noticed a demigod
     6 | D:1      | Noticed an octopode
     8 | D:1      | Noticed a felid
    10 | D:1      | Noticed a centaur
    10 | D:1      | Noticed a dwarf
    12 | D:1      | Noticed an ogre
    14 | D:1      | Noticed an elf
    14 | D:1      | Noticed a spriggan
    16 | D:1      | Noticed a gargoyle
    18 | D:1      | Noticed a ghoul
    18 | D:1      | Noticed a merfolk
    20 | D:1      | Noticed a demonspawn
    20 | D:1      | Noticed a vampire
    22 | D:1      | Noticed a tengu
    22 | D:1      | Noticed a troll
    24 | D:1      | Noticed a draconian
    24 | D:1      | Noticed a vine stalker
    26 | D:1      | Noticed a minotaur
    26 | D:1      | Noticed a naga
    28 | D:1      | Noticed a formicid
    28 | D:1      | Noticed a human
   128 | D:1      | Reached XP level 2. HP: 19/19 MP: 2/2
   755 | D:2      | Reached XP level 3. HP: 24/24 MP: 3/3
  1244 | D:2      | Found a stormy altar of Qazlal.
  1305 | D:2      | Reached XP level 4. HP: 29/29 MP: 4/4
  1474 | D:2      | Noticed Crazy Yiuf
  1484 | D:2      | Killed Crazy Yiuf
  1579 | D:2      | Paralysed by a gnoll for 7 turns
  1584 | D:2      | Slain by a gnoll

Action                   |  1- 3 |  4- 6 || total
-------------------------+-------+-------++-------
Melee: Dagger            |    38 |    11 ||    49
 Fire: Blowgun           |    56 |     1 ||    57
 Stab: Sleeping          |    19 |     3 ||    22
       Distracted        |     1 |       ||     1
  Eat: Chunk             |       |     2 ||     2
